 Dungeon Crawl Stone Soup version 0.28-a0-779-g3d1f99b579 (webtiles) character file.

Game seed: 16506282926323059903

90 gimp the Slasher (level 4, -3/60 HPs)
             Began as a Draconian Cinder Acolyte on Nov 3, 2021.
             Was a High Priest of Ignis.
             Slain by a gnoll (5 damage)
             ... on level 2 of the Dungeon.
             The game lasted 00:02:57 (2112 turns).

gimp the Slasher (Draconian Cinder Acolyte)         Turns: 2112, Time: 00:02:58

Health: -3/60      AC:  5    Str: 16    XL:     4   Next: 32%
Magic:  5/5        EV: 11    Int: 14    God:    Ignis [*****.]
Gold:   102        SH:  0    Dex:  8    Spells: 3/5 levels left

rFire   + . .      SeeInvis .   a - -1 falchion (flame)
rCold   . . .      Faith    .   (no shield)
rNeg    . . .      Spirit   .   (armour unavailable)
rPois   .          Reflect  .   (helmet restricted)
rElec   .          Harm     .   (no cloak)
rCorr   .          Rampage  .   (no gloves)
Will    .....                   (no boots)
Stlth   ..........              (no amulet)
HPRegen 0.20/turn               (no ring)
MPRegen 0.09/turn               (no ring)

@: berserking, very quick
A: AC +5, unfitting armour, cold-blooded
a: Renounce Religion, Sea of Fire, Foxfire Swarm, Rising Flame


You were on level 2 of the Dungeon.
You worshipped Ignis.
Ignis was extremely pleased with you.
You visited 1 branch of the dungeon, and saw 2 of its levels.

You collected 102 gold pieces.

Inventory:

Hand Weapons
 a - a -1 falchion of flaming (weapon)
 b - a +2 dagger of venom
Missiles
 h - a throwing net
Scrolls
 e - a scroll of blinking {unknown}
 g - 2 scrolls of vulnerability {unknown}
Potions
 c - a potion of magic
 f - a potion of flight {unknown}


   Skills:
 + Level 4.0 Fighting
 * Level 4.2 Long Blades
 - Level 1.0 Spellcasting
 + Level 3.6 Fire Magic


You had 3 spell levels left.
You knew the following spells:

 Your Spells              Type           Power      Damage    Failure   Level
a - Scorch                Fire           20%        2d6       9%          2

Your spell library contained the following spells:

 Spells                   Type           Power      Damage    Failure   Level


Dungeon Overview and Level Annotations

Branches:
Dungeon (2/15)

Altars:


Innate Abilities, Weirdness & Mutations

Your plain brown scales are hard. (AC +5)
You cannot fit into any form of body armour.
You are cold-blooded and may be slowed by cold attacks.


Message History

The goblin barely misses you.
You barely miss the goblin. The gnoll hits you with a +0 spear!
The goblin hits you with a +0 club. The gnoll barely misses you.
The goblin closely misses you. x2; The goblin completely misses you.
The gnoll hits you but does no damage.
You take 11 damage, and have 19/40 hp.
MASSIVE DAMAGE!!
You hit the goblin. You burn the goblin.
You kill the goblin!
The gnoll barely misses you. The goblin closely misses you.
The goblin barely misses you. Robin throws the goblin at you!
The gnoll hits you with a +0 spear.
You take 2 damage, and have 17/40 hp.
It was a potion of magic.
Magic courses through your body. The gnoll hits you with a +0 club.
* * * LOW HITPOINT WARNING * * *
The goblin closely misses you. The goblin hits you with a +0 club.
* * * LOW HITPOINT WARNING * * *
A goblin comes into view. It is wielding a +0 dagger.
The gnoll barely misses you.
You take 8 damage, and have 9/40 hp.
Okay, then.
Okay, then.
It was a potion of berserk rage.
A red film seems to cover your vision as you go berserk!
You feel yourself moving faster!
You feel mighty! The gnoll hits you with a +0 club.
* * * LOW HITPOINT WARNING * * *
The goblin hits you but does no damage. x2; The gnoll hits you with a +0 spear.
* * * LOW HITPOINT WARNING * * *
You now have 9/60 hp.
You hit Robin. You burn Robin. You tail-slap Robin, but do no damage.
Robin is heavily wounded.
The gnoll hits you with a +0 club!
* * * LOW HITPOINT WARNING * * *
The goblin barely misses you. The goblin hits you but does no damage.
You take 7 damage, and have 2/60 hp.
You slash Robin! You burn Robin.
You kill Robin!
The gnoll hits you with a +0 spear.
You die...

.......####
.......>..( #.
.......#### .##
.......# ..#
.......######.....
##..).........##.#
.'........######.## #
.#.....##))...##gg#..#
.#.....######..g@ggg.#
#.....# ####)##....#
#....## #.# ... #.....
#.# . ..###### #.# #.
#<. ... ###


You could see 2 gnolls and 4 goblins.

Vanquished Creatures
  Robin (D:2)
  4 gnolls (D:2)
  2 worms (D:2)
  A ball python (D:1)
  4 bats (D:1)
  5 endoplasms
  A giant cockroach (D:1)
  10 goblins
  6 hobgoblins
  4 kobolds
  4 quokkas
  2 frilled lizards (D:1)
44 creatures vanquished.

Vanquished Creatures (others)
  3 fungi (D:2)
  A plant (D:2)
4 creatures vanquished.

Grand Total: 48 creatures vanquished

Notes
Turn   | Place    | Note
-------+----------+-------------------------------------------
     0 | D:1      | gimp the Draconian Cinder Acolyte began the quest for the
                  | Orb.
     0 | D:1      | Reached XP level 1. HP: 19/19 MP: 2/2
   176 | D:1      | Reached XP level 2. HP: 18/26 MP: 3/3
  1423 | D:2      | Reached XP level 3. HP: 25/33 MP: 4/4
  1443 | D:1      | Learned a level 2 spell: Scorch
  1975 | D:2      | Reached XP level 4. HP: 32/40 MP: 5/5
  2103 | D:2      | Noticed Robin
  2111 | D:2      | HP: 2/60 [gnoll (7)]
  2112 | D:2      | Killed Robin
  2112 | D:2      | Slain by a gnoll

Illustrated notes

Levels and vault maps discovered:
D:1:      roderic_crop_circles_arrival_small, layout_basic
D:2:      layout_rooms, basic_altar, shapermc_ecumenical_altar_ellora,
          kennysheep_crisscross, uniq_robin

Skill      XL: |  1  2  3  4 |
---------------+-------------+-----
Long Blades    | 4 |  4.2
Fighting       | 4 |  4.0
Spellcasting   | |  1.0
Fire Magic     | |  3.6

Action                   |  1- 3 |  4- 6 || total
-------------------------+-------+-------++-------
Melee: Falchion          |   116 |    28 ||   144
       Tailslap          |     9 |     2 ||    11
 Cast: Scorch            |     1 |       ||     1
  Use: Potion            |       |     2 ||     2
Armor: Skin              |    39 |     9 ||    48
Dodge: Dodged            |    82 |    21 ||   103

Table legend: (Time is in decaauts)
 A = Elapsed time spent in this place.
 B = Non-inter-level travel time spent in this place.
 C = Inter-level travel time spent in this place.
 D = Time resting spent in this place.
 E = Time spent auto-exploring this place.
 F = Levels seen in this place.
 G = Mean time per level.
                   A        B        C        D        E       F      G
               +--------+--------+--------+--------+--------+-----+--------+
         Total |   2134 |   2001 |    133 |    236 |   1413 |   2 | 1067.0 |
       Dungeon |   2134 |   2001 |    133 |    236 |   1413 |   2 | 1067.0 |
               +--------+--------+--------+--------+--------+-----+--------+

Top non-repeatable levels by time:
     D:1: 1726 daAuts
     D:2: 408 daAuts
